 Dungeon Crawl Stone Soup version 0.30-a0-702-gdf48620a09 (webtiles) character file.

Game seed: 2275698098019135363

304 bande the Covered (level 6, 0/39 HPs)
             Began as a Gargoyle Fighter on Jan 22, 2023.
             Slain by Pikel
             ... wielding a +1 whip of freezing
              (4 damage)
             ... on level 4 of the Dungeon.
             The game lasted 00:04:15 (2929 turns).

bande the Covered (Gargoyle Fighter)                Turns: 2929, Time: 00:04:16

Health: 0/39       AC: 11    Str: 19    XL:     6   Next: 38%
Magic:  6/6        EV:  9    Int:  9    God:
Gold:   135        SH:  4    Dex: 11    Spells: 5/5 levels left

rFire   + . .      SeeInvis .    a - +0 war axe
rCold   . . .      Faith    .    c - +0 buckler
rNeg    + . .      Spirit   .    b - +0 scale mail
rPois   ∞          Reflect  .    (no helmet)
rElec   +          Harm     .    (no cloak)
rCorr   .          Rampage  .    (no gloves)
Will    .....                    (no boots) Stlth
                                 (no amulet)
HPRegen 0.26/turn                n - ring of protection from fire
MPRegen 0.10/turn                (no ring)

@: no status effects
A: sickness immunity, AC +4, negative energy resistance 1, electricity
resistance, torment resistance 1, petrification resistance
a: no special abilities


You were on level 4 of the Dungeon.
You visited 1 branch of the dungeon, and saw 4 of its levels.

You collected 135 gold pieces.

Inventory:

Hand Weapons
 a - a +0 war axe (weapon)
Armour
 b - a +0 scale mail (worn)
 c - a +0 buckler (worn)
Jewellery
 n - a ring of protection from fire (left hand)
Scrolls
 f - 8 scrolls of identify {unknown}
 g - a scroll of silence {unknown}
 k - a scroll of amnesia {unknown}
 p - a scroll of immolation {unknown}
Potions
 d - 2 potions of might
 e - a potion of cancellation {unknown}
 h - a potion of degeneration {unknown}
 i - a potion of lignification {unknown}
 j - 2 potions of haste {unknown}
 l - 2 potions of ambrosia {unknown}
 m - a potion of flight {unknown}
 o - a potion of brilliance {unknown}
 q - a potion of curing {unknown}
 r - a potion of mutation {unknown}
 s - a potion of invisibility {unknown}


   Skills:
 + Level 4.3 Fighting
 + Level 4.2 Axes
 + Level 4.7 Armour
 + Level 4.0 Shields


You had 5 spell levels left.
You didn't know any spells.
Your spell library contained the following spells:

 Spells                   Type           Power      Damage    Failure   Level
 Tukima's Dance           Hex            0%         N/A       99%         3
 Passage of Golubria      Tloc           0%         N/A       100%        4
 Yara's Violent Unravell  Hex/Tmut       0%         3d3       100%        5


Dungeon Overview and Level Annotations

Branches:
Dungeon (4/15)
 Temple: D:4-7

Altars:
Wu Jian
Zin

Annotations:
D:4 Pikel


Innate Abilities, Weirdness & Mutations

You are immune to sickness and miasma.
Your stone body is resilient. (AC +4)
You are immune to poison.
You resist negative energy. (rN+)
You are resistant to electric shocks. (rElec)
You are resistant to unholy torment.
You are immune to petrification.


Message History

You hit Pikel.
Pikel is moderately wounded.
You slash the lemure!
You hit the lemure. x2; You barely miss the lemure.
The lemure barely misses you.
Pikel hits you with a +1 whip of freezing.
Pikel freezes you. The lemure hits you but does no damage. The lemure hits you!
You block the lemure's attack.
Unknown command.
You closely miss Pikel.
Pikel is moderately wounded.
You slash the lemure! You closely miss the lemure. You barely miss the lemure.
You hit the lemure but do no damage. You block Pikel's attack.
The lemure hits you but does no damage. The lemure barely misses you. x2
The lemure closely misses you.
Unknown command.
You closely miss Pikel.
Pikel is moderately wounded.
You hit the lemure. You barely miss the lemure. You miss the lemure.
You hit the lemure. The lemure hits you but does no damage.
Pikel hits you but does no damage. The lemure hits you but does no damage.
The lemure barely misses you. The lemure hits you. Pikel barely misses you.
The lemure hits you but does no damage. The lemure hits you.
You block the lemure's attack. The lemure hits you but does no damage.
Unknown command.
You barely miss Pikel.
Pikel is moderately wounded.
You hit the lemure. You hit the lemure but do no damage.
You closely miss the lemure. x2; You block the lemure's attack.
Pikel hits you but does no damage. The lemure hits you. x2
* * * LOW HITPOINT WARNING * * *
You block the lemure's attack.
Unknown command.
You miss Pikel.
Pikel is moderately wounded.
You barely miss the lemure. You hit the lemure.
You hit the lemure but do no damage. You slash the lemure!
The lemure barely misses you. The lemure hits you!
* * * LOW HITPOINT WARNING * * *
Pikel hits you with a +1 whip of freezing.
You die...

######### #.......#
#.......#####
#.....K5#...#
#.....5@#...############
#.....55'...'...........
#.......#...#####.......
#.......+....####.......
#.......#......##..†....
#.......#...............
#.......#.............##
........#.............+.
.......###...........##


You could see Pikel and 4 lemures.

Vanquished Creatures
  2 hounds (D:4)
  3 orc wizards (D:3)
  4 gnolls (D:2)
  3 adders
  A worm (D:3)
  5 dart slugs
  13 orcs
  6 bats
  3 endoplasms (D:1)
  2 giant cockroaches
  7 goblins
  3 hobgoblins
  4 jackals
  3 quokkas
  3 ball pythons
  5 frilled lizards
  7 kobolds
  7 rats
81 creatures vanquished.

Notes
Turn   | Place    | Note
-------+----------+-------------------------------------------
     0 | D:1      | bande the Gargoyle Fighter began the quest for the Orb.
     0 | D:1      | Reached XP level 1. HP: 14/14 MP: 1/1
   153 | D:1      | Reached XP level 2. HP: 19/19 MP: 2/2
   487 | D:1      | Found a faded altar of an unknown god.
   723 | D:1      | Reached XP level 3. HP: 21/24 MP: 3/3
  1051 | D:2      | Found a glowing silver altar of Zin.
  1219 | D:2      | Reached XP level 4. HP: 29/29 MP: 4/4
  1273 | D:2      | HP: 1/29 [gnoll/+0 spear (3)]
  1874 | D:3      | Reached XP level 5. HP: 33/33 MP: 5/5
  2331 | D:3      | Found an ornate altar of the Wu Jian Council.
  2393 | D:3      | Reached XP level 6. HP: 34/38 MP: 6/6
  2920 | D:4      | Noticed Pikel
  2929 | D:4      | Slain by Pikel

Illustrated notes

Levels and vault maps discovered:
D:1:      wander_arrival_lonely_grave, layout_loops_corners,
          ebering_ecumenical_altar_box, minivault_24
D:2:      layout_basic, basic_altar
D:3:      layout_basic, nicolae_wu_jian_glorious_leap
D:4:      layout_basic, uniq_pikel, uniq_eustachio

Skill      XL: |  1  2  3  4  5  6 |
---------------+-------------------+-----
Axes           | 2 3 4 |  4.2
Armour         | 4 |  4.7
Fighting       | 4 |  4.3
Shields        | 4 |  4.0

Action                   |  1- 3 |  4- 6 || total
-------------------------+-------+-------++-------
Melee: War axe           |   139 |   148 ||   287
Armor: Scale mail        |    85 |   117 ||   202
Dodge: Dodged            |    71 |    85 ||   156
Block: Buckler           |    25 |    55 ||    80

Table legend: (Time is in decaauts)
 A = Elapsed time spent in this place.
 B = Non-inter-level travel time spent in this place.
 C = Inter-level travel time spent in this place.
 D = Time resting spent in this place.
 E = Time spent auto-exploring this place.
 F = Levels seen in this place.
 G = Mean time per level.
                   A        B        C        D        E       F      G
               +--------+--------+--------+--------+--------+-----+--------+
         Total |   3042 |   3026 |     16 |    424 |   1861 |   4 |  760.5 |
       Dungeon |   3042 |   3026 |     16 |    424 |   1861 |   4 |  760.5 |
               +--------+--------+--------+--------+--------+-----+--------+

Top non-repeatable levels by time:
     D:2: 989 daAuts
     D:3: 923 daAuts
     D:1: 904 daAuts
     D:4: 225 daAuts
